TOP OF THE 1ST |
Santa Clarita Music batting - Pitching for Ottawa Fat Cats : LHP Miguel Angel Meléndez
|
Pitching: LHP Miguel Angel Meléndez
|
|
Batting: RHB Art Cameron
|
0-0: Called Strike 0-1: Swinging Strike 0-2: Ground out 4-3 (Groundball, 34)
|
Batting: RHB Travis Colbert
|
0-0: Ball 1-0: Called Strike 1-1: Swinging Strike 1-2: Ball 2-2: Ground out 4-3 (Groundball, 4)
|
Batting: LHB Rubén Salazar
|
0-0: Ball 1-0: Foul Ball, location: 2F 1-1: Foul Ball, location: 2F 1-2: Strikes out swinging
|
Top of the 1st over - 0 run(s), 0 hit(s), 0 error(s), 0 left on base; Santa Clarita 0 - Ottawa 0 |
BOTTOM OF THE 1ST |
Ottawa Fat Cats batting - Pitching for Santa Clarita Music : RHP José Fernández
|
Pitching: RHP José Fernández
|
|
Batting: RHB Lawrence Howard
|
0-0: Called Strike 0-1: Called Strike 0-2: Ball 1-2: Strikes out swinging
|
Batting: LHB Eric Dillard
|
0-0: Ball 1-0: Called Strike 1-1: Foul Ball, location: 2F 1-2: Ball 2-2: Foul Ball, location: 2F 2-2: Ball 3-2: Strikes out looking
|
Batting: LHB Felipe Rivera
|
0-0: Ball 1-0: Called Strike 1-1: Foul Ball, location: 2F 1-2: Ground out 4-3 (Groundball, 4)
|
Bottom of the 1st over - 0 run(s), 0 hit(s), 0 error(s), 0 left on base; Santa Clarita 0 - Ottawa 0 |
TOP OF THE 2ND |
Santa Clarita Music batting - Pitching for Ottawa Fat Cats : LHP Miguel Angel Meléndez
|
Batting: RHB Steve Burton
|
0-0: Ball 1-0: Foul Ball, location: 2F 1-1: Fly out, F7 (Flyball, 7D)
|
Batting: RHB António Martínez
|
0-0: Ball 1-0: Swinging Strike 1-1: Ball 2-1: Swinging Strike 2-2: Foul Ball, location: 2F 2-2: Ball 3-2: Strikes out looking
|
Batting: RHB Ricardo González
|
0-0: Fly out, F4 (Line Drive, 4)
|
Top of the 2nd over - 0 run(s), 0 hit(s), 0 error(s), 0 left on base; Santa Clarita 0 - Ottawa 0 |
BOTTOM OF THE 2ND |
Ottawa Fat Cats batting - Pitching for Santa Clarita Music : RHP José Fernández
|
Batting: LHB Brent Haynes
|
0-0: Called Strike 0-1: Ball 1-1: Ball 2-1: Foul Ball, location: 2F 2-2: Strikes out swinging
|
Batting: SHB António Ramírez
|
0-0: Called Strike 0-1: Swinging Strike 0-2: Ball 1-2: Foul Ball, location: 2F 1-2: Foul Ball, location: 2F 1-2: Ball 2-2: Ball 3-2: Ground out 4-3 (Groundball, 4M)
|
Batting: RHB Ismael Hidalgo
|
0-0: Swinging Strike 0-1: Ball 1-1: Ball 2-1: Foul Ball, location: 2F 2-2: Ball 3-2: Strikes out looking
|
Bottom of the 2nd over - 0 run(s), 0 hit(s), 0 error(s), 0 left on base; Santa Clarita 0 - Ottawa 0 |
TOP OF THE 3RD |
Santa Clarita Music batting - Pitching for Ottawa Fat Cats : LHP Miguel Angel Meléndez
|
Batting: RHB Justin Geoghegan
|
0-0: Called Strike 0-1: Ball 1-1: Ball 2-1: Foul Ball, location: 2F 2-2: Strikes out swinging
|
Batting: RHB Rickey Núñez
|
0-0: Ball 1-0: Called Strike 1-1: Ball 2-1: SINGLE (Flyball, 4MD)
|
Batting: RHB Jake Belcher
|
0-0: Called Strike 0-1: Ball Wild Pitch! Rickey Núñez to second 1-1: Called Strike Rickey Núñez steals 3rd base 1-2: Strikes out swinging
|
Batting: RHB Art Cameron
|
0-0: Ground out 5-3 (Groundball, 5L)
|
Top of the 3rd over - 0 run(s), 1 hit(s), 0 error(s), 1 left on base; Santa Clarita 0 - Ottawa 0 |
BOTTOM OF THE 3RD |
Ottawa Fat Cats batting - Pitching for Santa Clarita Music : RHP José Fernández
|
Batting: RHB George Green
|
0-0: Called Strike 0-1: Ball 1-1: Foul Ball, location: 2F 1-2: Ball 2-2: Strikes out looking
|
Batting: LHB Wayne Rogers
|
0-0: Called Strike 0-1: Swinging Strike 0-2: Ball 1-2: Fly out, F7 (Flyball, 7LM)
|
Batting: LHB Justin Tubridy
|
0-0: Swinging Strike 0-1: Ball 1-1: Ball 2-1: Foul Ball, location: 2F 2-2: Ball 3-2: Strikes out swinging
|
Bottom of the 3rd over - 0 run(s), 0 hit(s), 0 error(s), 0 left on base; Santa Clarita 0 - Ottawa 0 |
TOP OF THE 4TH |
Santa Clarita Music batting - Pitching for Ottawa Fat Cats : LHP Miguel Angel Meléndez
|
Batting: RHB Travis Colbert
|
0-0: DOUBLE (Line Drive, 89M)
|
Batting: LHB Rubén Salazar
|
0-0: Ball 1-0: Foul Ball, location: 2F 1-1: Foul Ball, location: 2F 1-2: Strikes out swinging
|
Batting: RHB Steve Burton
|
0-0: Called Strike Travis Colbert steals 3rd base 0-1: Ball 1-1: Ball 2-1: DOUBLE (Line Drive, 5D) Travis Colbert scores
|
Batting: RHB António Martínez
|
0-0: Swinging Strike 0-1: Hit by Pitch
|
Batting: RHB Ricardo González
|
0-0: Swinging Strike 0-1: Ball 1-1: Called Strike 1-2: Strikes out swinging
|
Batting: RHB Justin Geoghegan
|
0-0: Called Strike 0-1: Swinging Strike 0-2: Ball 1-2: Strikes out looking
|
Top of the 4th over - 1 run(s), 2 hit(s), 0 error(s), 2 left on base; Santa Clarita 1 - Ottawa 0 |
BOTTOM OF THE 4TH |
Ottawa Fat Cats batting - Pitching for Santa Clarita Music : RHP José Fernández
|
Batting: RHB Lawrence Howard
|
0-0: Ball 1-0: Foul Ball, location: 2F 1-1: Ball 2-1: Ground out 4-3 (Groundball, 4S)
|
Batting: LHB Eric Dillard
|
0-0: Swinging Strike 0-1: Ball 1-1: Ball 2-1: SINGLE (Line Drive, 7S)
|
Batting: LHB Felipe Rivera
|
0-0: Ball Throwing error on steal attempt, E2 Eric Dillard to third 1-0: Ball 2-0: Ground out U3 (Groundball, 3)
|
Batting: LHB Brent Haynes
|
0-0: Ball 1-0: Foul Ball, location: 2F 1-1: Ball 2-1: Ground out 4-3 (Groundball, 4)
|
Bottom of the 4th over - 0 run(s), 1 hit(s), 1 error(s), 1 left on base; Santa Clarita 1 - Ottawa 0 |
TOP OF THE 5TH |
Santa Clarita Music batting - Pitching for Ottawa Fat Cats : LHP Miguel Angel Meléndez
|
Batting: RHB Rickey Núñez
|
0-0: Called Strike 0-1: Ball 1-1: SINGLE (Line Drive, 7S)
|
Batting: RHB Jake Belcher
|
0-0: Ball 1-0: Swinging Strike 1-1: Foul Ball, location: 2F 1-2: Ball 2-2: Ball 3-2: SINGLE (Groundball, 56D) Rickey Núñez to second Rickey Núñez to third
|
Batting: RHB Art Cameron
|
0-0: Called Strike Jake Belcher steals 2nd base 0-1: Ground out 5-3 (Groundball, 56) Rickey Núñez scores
|
Batting: RHB Travis Colbert
|
0-0: Intentional Walk
|
Batting: LHB Rubén Salazar
|
0-0: Ball Jake Belcher steals 3rd base Travis Colbert to second 1-0: Ball 2-0: Fly out, F7 (Flyball, 7S) Runner from 3rd tags up, SCORES, throw made
|
Batting: RHB Steve Burton
|
0-0: SINGLE (Line Drive, 6MD) Travis Colbert to third Runner from 3rd tries for Home, SAFE, no throw or cutoff
|
Batting: RHB António Martínez
|
0-0: Ball 1-0: Ball 2-0: Called Strike 2-1: Foul Ball, location: 2F 2-2: Foul Ball, location: 2F 2-2: Fly out, F4 (Popup, 3)
|
Top of the 5th over - 3 run(s), 3 hit(s), 0 error(s), 1 left on base; Santa Clarita 4 - Ottawa 0 |
BOTTOM OF THE 5TH |
Ottawa Fat Cats batting - Pitching for Santa Clarita Music : RHP José Fernández
|
Batting: SHB António Ramírez
|
0-0: Swinging Strike 0-1: Ball 1-1: Swinging Strike 1-2: Strikes out swinging
|
Batting: RHB Ismael Hidalgo
|
0-0: Swinging Strike 0-1: Swinging Strike 0-2: Ball 1-2: Ball 2-2: Foul Ball, location: 2F 2-2: SINGLE (Groundball, 56)
|
Batting: RHB George Green
|
0-0: Ball 1-0: Ball 2-0: Ball 3-0: Called Strike 3-1: Ground out U3 (Groundball, 3S) Ismael Hidalgo to second
|
Batting: LHB Wayne Rogers
|
0-0: Ball 1-0: Called Strike 1-1: Ground out 4-3 (Groundball, 4)
|
Bottom of the 5th over - 0 run(s), 1 hit(s), 0 error(s), 1 left on base; Santa Clarita 4 - Ottawa 0 |
TOP OF THE 6TH |
Santa Clarita Music batting - Pitching for Ottawa Fat Cats : LHP Miguel Angel Meléndez
|
Pitching: LHP Bernard Zuccarello
|
|
Batting: RHB Ricardo González
|
0-0: Foul Ball, location: 2F 0-1: Ground out 3-1 (Groundball, 34)
|
Batting: RHB Justin Geoghegan
|
0-0: Foul Ball, location: 2F 0-1: Fly out, F2 (Popup, 23F)
|
Batting: RHB Rickey Núñez
|
0-0: Swinging Strike 0-1: SINGLE (Groundball, 6S) (infield hit)
|
Batting: RHB Jake Belcher
|
0-0: Foul Ball, location: 2F 0-1: Ball 1-1: DOUBLE (Flyball, 78M) Rickey Núñez to third Runner from 3rd tries for Home, SAFE, no throw or cutoff
|
Batting: RHB Art Cameron
|
0-0: Ball 1-0: Ball 2-0: Ball 3-0: Called Strike 3-1: Fly out, F9 (Line Drive, 9S)
|
Top of the 6th over - 1 run(s), 2 hit(s), 0 error(s), 1 left on base; Santa Clarita 5 - Ottawa 0 |
BOTTOM OF THE 6TH |
Ottawa Fat Cats batting - Pitching for Santa Clarita Music : RHP José Fernández
|
Pitching: RHP César Amaya
|
|
Batting: LHB Justin Tubridy
|
0-0: Ball 1-0: Called Strike 1-1: Ball 2-1: Ball 3-1: Foul Ball, location: 2F 3-2: Fly out, F9 (Flyball, 89M)
|
Batting: RHB Lawrence Howard
|
0-0: Swinging Strike 0-1: Foul Ball, location: 2F 0-2: Ball 1-2: Foul Ball, location: 2F 1-2: Ball 2-2: Ball 3-2: Strikes out looking
|
Batting: LHB Eric Dillard
|
0-0: Swinging Strike 0-1: Ball 1-1: Swinging Strike 1-2: Ball 2-2: Ball 3-2: Fly out, F5 (Popup, 5S)
|
Bottom of the 6th over - 0 run(s), 0 hit(s), 0 error(s), 0 left on base; Santa Clarita 5 - Ottawa 0 |
TOP OF THE 7TH |
Santa Clarita Music batting - Pitching for Ottawa Fat Cats : LHP Bernard Zuccarello
|
Batting: RHB Travis Colbert
|
0-0: Foul Ball, location: 2F 0-1: Ground out 6-3 (Groundball, 6)
|
Batting: LHB Rubén Salazar
|
0-0: Called Strike 0-1: Ball 1-1: Foul Ball, location: 2F 1-2: Ball 2-2: Foul Ball, location: 2F 2-2: Strikes out swinging
|
Batting: RHB Steve Burton
|
0-0: Called Strike 0-1: Ball 1-1: Called Strike 1-2: Foul Ball, location: 2F 1-2: Ball 2-2: Ball 3-2: SINGLE (Line Drive, 56D)
|
Batting: RHB António Martínez
|
0-0: Fly out, F8 (Flyball, 8LM)
|
Top of the 7th over - 0 run(s), 1 hit(s), 0 error(s), 1 left on base; Santa Clarita 5 - Ottawa 0 |
BOTTOM OF THE 7TH |
Ottawa Fat Cats batting - Pitching for Santa Clarita Music : RHP César Amaya
|
Batting: LHB Felipe Rivera
|
0-0: Ball 1-0: Fly out, F4 (Line Drive, 4)
|
Batting: LHB Brent Haynes
|
0-0: Called Strike 0-1: SINGLE (Groundball, 56D)
|
Batting: SHB António Ramírez
|
0-0: Swinging Strike 0-1: Ball 1-1: Called Strike 1-2: Grounds into double play, U4-3 (Groundball, 4)
|
Bottom of the 7th over - 0 run(s), 1 hit(s), 0 error(s), 0 left on base; Santa Clarita 5 - Ottawa 0 |
TOP OF THE 8TH |
Santa Clarita Music batting - Pitching for Ottawa Fat Cats : LHP Bernard Zuccarello
|
Pitching: LHP Jorge Viera
|
|
Batting: RHB Ricardo González
|
0-0: Called Strike 0-1: Ground out 5-3 (Groundball, 56S)
|
Batting: RHB Justin Geoghegan
|
0-0: Ball 1-0: Foul Ball, location: 2F 1-1: Ball 2-1: Ball 3-1: Ground out 6-3 (Groundball, 6)
|
Batting: RHB Rickey Núñez
|
0-0: Ball 1-0: Ball 2-0: Called Strike 2-1: Swinging Strike 2-2: Fly out, F9 (Flyball, 89M)
|
Top of the 8th over - 0 run(s), 0 hit(s), 0 error(s), 0 left on base; Santa Clarita 5 - Ottawa 0 |
BOTTOM OF THE 8TH |
Ottawa Fat Cats batting - Pitching for Santa Clarita Music : RHP César Amaya
|
Pitching: RHP Luis Costa
|
|
Batting: RHB Ismael Hidalgo
|
0-0: Called Strike 0-1: Ball 1-1: Ball 2-1: Ball 3-1: Called Strike 3-2: Base on Balls
|
Batting: RHB George Green
|
0-0: Called Strike 0-1: Grounds into double play, 4-6-3 (Groundball, 4)
|
Batting: LHB Wayne Rogers
|
0-0: Ball 1-0: Called Strike 1-1: Ball 2-1: Foul Ball, location: 2F 2-2: Foul Ball, location: 2F 2-2: Ground out 3-1 (Groundball, 34)
|
Bottom of the 8th over - 0 run(s), 0 hit(s), 0 error(s), 0 left on base; Santa Clarita 5 - Ottawa 0 |
TOP OF THE 9TH |
Santa Clarita Music batting - Pitching for Ottawa Fat Cats : LHP Jorge Viera
|
Batting: RHB Jake Belcher
|
0-0: Called Strike 0-1: Swinging Strike 0-2: DOUBLE (Line Drive, 5L)
|
Batting: RHB Art Cameron
|
0-0: Ball 1-0: Swinging Strike 1-1: Ground out 4-3 (Groundball, 4) Jake Belcher to third
|
Batting: RHB Travis Colbert
|
0-0: Intentional Walk
|
Batting: LHB Rubén Salazar
|
0-0: Called Strike 0-1: Foul Ball, location: 2F 0-2: Strikes out swinging
|
Batting: RHB Steve Burton
|
0-0: Called Strike 0-1: Ground out 4-3 (Groundball, 4)
|
Top of the 9th over - 0 run(s), 1 hit(s), 0 error(s), 2 left on base; Santa Clarita 5 - Ottawa 0 |
BOTTOM OF THE 9TH |
Ottawa Fat Cats batting - Pitching for Santa Clarita Music : RHP Luis Costa
|
Batting: LHB Justin Tubridy
|
0-0: Ground out U3 (Groundball, 3L)
|
Batting: RHB Lawrence Howard
|
0-0: Foul Ball, location: 2F 0-1: Ball 1-1: Ball 2-1: Ground out 4-3 (Groundball, 4M)
|
Batting: LHB Eric Dillard
|
0-0: Called Strike 0-1: Ball 1-1: Foul Ball, location: 2F 1-2: Ball 2-2: Strikes out swinging
|
Bottom of the 9th over - 0 run(s), 0 hit(s), 0 error(s), 0 left on base; Santa Clarita 5 - Ottawa 0 |
|